 Dungeon Crawl Stone Soup version 0.20.1-1-g8b1a95d (console) character file.

499 bli the Skirmisher (level 7, 0/56 HPs)
             Began as a Formicid Abyssal Knight on Aug 15, 2017.
             Was a Believer of Lugonu.
             Slain by an orc warrior
             ... wielding a +0 battleaxe
              (27 damage)
             ... on level 6 of the Dungeon.
             The game lasted 00:12:20 (3807 turns).

bli the Skirmisher (Formicid Abyssal Knight)        Turns: 3807, Time: 00:12:21

Health: 0/56       AC:  3    Str: 16    XL:     7   Next: 39%
Magic:  8/8        EV: 12    Int: 12    God:    Lugonu [**....]
Gold:   224        SH:  0    Dex: 12    Spells: 6/6 levels left

rFire    . . .     SeeInvis +   c - +1 spear
rCold    . . .     Gourm    .   (no shield)
rNeg     . . .     Faith    .   u - +0 leather armour
rPois    .         Spirit   .   (helmet unavailable)
rElec    .         Reflect  .   (no cloak)
rCorr    .         Harm     .   (no gloves)
MR       .....                  (no boots)
Stlth    ++........             p - amulet of magic regeneration
Regen    0.2/turn               C - ring of wizardry
MPRegen  0.2/turn               (no ring)

@: no status effects
A: permanent stasis, dig shafts and tunnels, four strong arms, antennae 3
a: Dig, Shaft Self, Depart the Abyss, Bend Space, Renounce Religion


You were on level 6 of the Dungeon.
You worshipped Lugonu.
Lugonu was pleased with you.
You were very hungry.

You visited 1 branch of the dungeon, and saw 5 of its levels.
You visited the Abyss 1 time.

You collected 224 gold pieces.

Inventory:

Hand Weapons
 a - a +1 mace of protection
 b - a +1 hand axe of chopping
 c - a +1 spear (weapon)
 r - a +0 vampiric dagger
 x - a +0 trident
Missiles
 l - 123 stones
 A - 8 javelins (quivered)
Armour
 u - a +0 leather armour (worn)
Jewellery
 p - an amulet of magic regeneration (around neck)
 C - a ring of wizardry (left hand)
Wands
 y - a wand of paralysis (21/24)
Scrolls
 d - a scroll of magic mapping {unknown}
 e - 3 scrolls of enchant weapon {unknown}
 i - 2 scrolls of remove curse {unknown}
 k - 3 scrolls of amnesia {unknown}
 n - a scroll of fog {unknown}
 o - 3 scrolls of teleportation {unknown}
 s - 2 scrolls of identify {unknown}
 t - a scroll of fear {unknown}
 z - a scroll of immolation {unknown}
Potions
 g - a potion of resistance {unknown}
 j - a potion of haste {unknown}
 m - 4 potions of flight {unknown}
 q - a potion of mutation {unknown}
 B - a potion of lignification {unknown}
 E - a potion of cancellation {unknown}
Comestibles
 f - 5 fruits
 h - a royal jelly
 v - a meat ration
 D - 3 bread rations


   Skills:
 * Level 5.5 Fighting
 + Level 1.5(3.3) Axes
 + Level 0.4(1.1) Maces & Flails
 + Level 4.6(4.7) Polearms
 + Level 2.9 Armour
 + Level 1.8 Dodging
 + Level 2.9 Stealth
 + Level 2.4 Invocations


You had 6 spell levels left.
You didn't know any spells.

Dungeon Overview and Level Annotations

Branches:
Dungeon (4/15)
 Temple: D:4-7

Altars:
Cheibriados
Dithmenos
Hepliaklqana
Nemelex Xobeh
Okawaru
Qazlal
Uskayaw
Vehumet
Yredelemnul

Annotations:
D:2 Natasha


Innate Abilities, Weirdness & Mutations

You cannot be hasted, slowed, berserked, paralysed or teleported.
You can dig through walls and to a lower floor.
Your four strong arms can wield two-handed weapons with a shield.
You have a pair of large antennae on your head. (SInv)


Message History

Press: ? - help, Dir - move target cursor, f - orc
Aim: an orc, wielding a war axe and wearing a leather armour You reach to attack!
You barely miss the orc. You hit the orc.
You kill the orc!
Lugonu accepts your kill.
You hit the orc warrior but do no damage.
The orc warrior misses you.
You hit the orc warrior but do no damage.
You hit the orc warrior but do no damage.
The orc warrior hits you with a battleaxe!
You closely miss the orc warrior. You barely miss the orc warrior.
The orc warrior barely misses you.
You barely miss the orc warrior.
The orc warrior hits you with a battleaxe!
The orc shouts!
Are you sure you want to shaft yourself?
You are feeling very hungry.
The orc warrior hits you with a battleaxe!!
You die...

# #. ###
##..###..
..o.....#
.......o#
#####o# #...#o#
#.#.#@# #.#.#.#
#.#.#.# #.#.#.#
#.....# ###.###
#.# ####.#.#
.....#.#
#....#'#######
.#............#


You could see an orc warrior and 2 orcs.

Vanquished Creatures
  An ogre (D:6)
  A howler monkey (D:3)
  3 orc priests
  A bullfrog skeleton (D:6)
  2 orc wizards (D:4)
  Jessica (D:2)
  Natasha (twice) (D:2)
  5 adders
  An ooze (D:3)
  3 worms (D:3)
  2 dart slugs
  4 leopard geckos
  7 orcs
  5 giant cockroaches
  4 goblins
  5 hobgoblins
  2 jackals (D:3)
  2 quokkas
  3 ball pythons
  3 bats
  2 frilled lizards
  4 kobolds
  9 rats
  A spectral orc (D:2)
73 creatures vanquished.

Notes
Turn   | Place    | Note
-------+----------+-------------------------------------------
     0 | Abyss:1  | bli the Formicid Abyssal Knight began the quest for the Orb.
     0 | Abyss:1  | Reached XP level 1. HP: 18/18 MP: 2/2
    68 | Abyss:1  | Noticed an ancient zyme
    82 | Abyss:1  | Noticed a small abomination
    83 | D:1      | Escaped the Abyss
   304 | D:1      | Reached XP level 2. HP: 21/25 MP: 3/3
   403 | D:1      | Reached * piety under Lugonu
   587 | D:1      | Reached skill level 4 in Fighting
   723 | D:2      | Reached XP level 3. HP: 24/30 MP: 4/4
   975 | D:2      | Noticed Jessica
   980 | D:2      | Killed Jessica
   980 | D:2      | Reached skill level 1 in Dodging
   980 | D:2      | Reached XP level 4. HP: 25/37 MP: 5/5
  1128 | D:2      | Noticed Natasha
  1134 | D:2      | Killed Natasha
  1134 | D:2      | Reached XP level 5. HP: 35/43 MP: 6/6
  1192 | D:2      | Noticed Natasha
  1199 | D:2      | Killed Natasha
  1199 | D:2      | Reached skill level 1 in Stealth
  1367 | D:2      | Found a basalt altar of Yredelemnul.
  1492 | D:2      | Found a hide-covered altar of Uskayaw.
  1536 | D:2      | Noticed Natasha
  1794 | D:3      | Reached XP level 6. HP: 19/49 MP: 7/7
  2231 | D:3      | Found an iron altar of Okawaru.
  2248 | D:3      | Reached skill level 5 in Fighting
  2300 | D:3      | Reached ** piety under Lugonu
  2563 | D:3      | Found a sparkling altar of Nemelex Xobeh.
  2746 | D:3      | Found a hazy altar of Hepliaklqana.
  2747 | D:3      | Found a shadowy altar of Dithmenos.
  2747 | D:3      | Found a snail-covered altar of Cheibriados.
  2747 | D:3      | Found a stormy altar of Qazlal.
  2749 | D:3      | Found a radiant altar of Vehumet.
  3176 | D:4      | Reached skill level 1 in Axes
  3212 | D:4      | Reached XP level 7. HP: 20/56 MP: 8/8
  3287 | D:4      | You fall through a shaft for 2 floors!
  3807 | D:6      | Slain by an orc warrior

Skill      XL: |  1  2  3  4  5  6 |
---------------+-------------------+-----
Fighting       | 4 5 |  5.5
Dodging        | 1 |  1.8
Polearms       | 3 4 |  4.6
Stealth        | 1 2 |  2.9
Axes           | 1 |  1.5
Maces & Flails | |  0.4
Armour         | |  2.9
Invocations    | |  2.4

Action                   |  1- 3 |  4- 6 |  7- 9 || total
-------------------------+-------+-------+-------++-------
Melee: Spear             |    71 |   132 |    21 ||   224
       Hand axe          |       |    78 |       ||    78
       Mace              |       |       |     5 ||     5
Throw: Stone             |       |     1 |       ||     1
Invok: Depart the Abyss  |     1 |       |       ||     1
 Abil: Dig               |     1 |     1 |       ||     2
       Shaft Self        |       |       |     2 ||     2
 Stab: Sleeping          |       |     3 |       ||     3
       Distracted        |       |     1 |       ||     1
  Eat: Chunk             |       |     7 |     2 ||     9
Armor: Leather armour    |     9 |    34 |       ||    43
Dodge: Dodged            |    29 |    93 |    10 ||   132
